 Dungeon Crawl Stone Soup version 0.25.1-2-g60ff931 (webtiles) character file.

Game seed: 2970939882791633489

14840 Camoybot the Cleaver (level 11, -19/106 HPs)
             Began as a Deep Dwarf Fighter on Sept 21, 2020.
             Was the Champion of Makhleb.
             Demolished by an orc knight
             ... wielding a +2 great mace
              (41 damage)
             ... on level 2 of the Orcish Mines.
             The game lasted 01:31:27 (10376 turns).

Camoybot the Cleaver (Deep Dwarf Fighter)          Turns: 10376, Time: 01:31:27

Health: -19/106    AC: 19    Str: 25    XL:     11   Next: 94%
Magic:  12/12      EV: 13    Int:  9    God:    Makhleb [******]
Gold:   1365       SH:  0    Dex: 12    Spells: 10/10 levels left

rFire    . . .     SeeInvis .   B - +1 battleaxe (flame)
rCold    . . .     Gourm    .   (shield currently unavailable)
rNeg     + . .     Faith    +   x - +5 scale mail of the Big Bang {rElec rN+ Str+2}
rPois    +         Spirit   .   j - +0 helmet
rElec    +         Reflect  .   A - +0 cloak
rCorr    .         Harm     .   (no gloves)
MR       +....                  (no boots)
Stlth    ..........             J - amulet of faith
HPRegen  0.00/turn              m - ring of poison resistance
MPRegen  0.13/turn              u - +4 ring of protection

@: non-regenerating
A: damage resistance, heal wounds, sense surroundings 2, no regeneration
a: Heal Wounds, Minor Destruction, Lesser Servant of Makhleb, Major Destruction,
Greater Servant of Makhleb, Renounce Religion


You were on level 2 of the Orcish Mines.
You worshipped Makhleb.
Makhleb was exalted by your worship.
You were not hungry.

You visited 3 branches of the dungeon, and saw 12 of its levels.
You also visited: Sewer and Ossuary.

You collected 1365 gold pieces.

Inventory:

Hand Weapons
 a - a +0 war axe
 B - a +1 battleaxe of flaming (weapon)
Missiles
 o - 56 poisoned darts (quivered)
 F - 3 datura-tipped darts
 O - 3 atropa-tipped darts
Armour
 c - a +0 kite shield
 e - a +1 plate armour of cold resistance
 j - a +0 helmet (worn)
 x - the +5 scale mail of the Big Bang (worn) {rElec rN+ Str+2}
   (You found it in a sewer)

   It affects your strength (+2).
   It insulates you from electricity.
   It protects you from negative energy.
 A - a +0 cloak (worn)
 H - a +2 chain mail of poison resistance
Jewellery
 l - an uncursed amulet of the acrobat
 m - a ring of poison resistance (left hand)
 t - an uncursed ring of ice
 u - a +4 ring of protection (right hand)
 C - an uncursed ring of positive energy
 G - an uncursed ring of protection from fire
 I - a cursed ring of attention {unknown}
 J - an amulet of faith (around neck)
Wands
 v - a wand of flame (32)
 R - a wand of acid (8)
 X - a wand of random effects (13)
 Z - a wand of clouds (3)
Scrolls
 b - 3 scrolls of fog
 g - 3 scrolls of amnesia
 i - 2 scrolls of identify
 k - 2 scrolls of immolation {unknown}
 n - 5 scrolls of teleportation
 s - 4 scrolls of blinking
 y - 5 scrolls of remove curse
 D - 4 scrolls of enchant weapon
 S - a scroll of acquirement {unknown}
 U - 2 scrolls of vulnerability {unknown}
 V - 2 scrolls of fear {unknown}
 W - a scroll of silence {unknown}
Potions
 d - 2 potions of might
 h - 4 potions of heal wounds
 p - 2 potions of lignification
 q - 4 potions of degeneration
 r - 2 potions of cancellation
 w - 2 potions of mutation {unknown}
 E - a potion of resistance {unknown}
 K - a potion of stabbing {unknown}
 M - 2 potions of brilliance {unknown}
 P - 3 potions of magic
 Q - 5 potions of curing
 T - a potion of flight {unknown}
Comestibles
 f - 15 rations
 z - 5 chunks of flesh


   Skills:
 * Level 9.1 Fighting
 + Level 13.6 Axes
 + Level 7.8 Armour
 + Level 5.7 Dodging
 + Level 0.7 Stealth
 + Level 9.0 Shields
 + Level 1.7 Invocations


You had 10 spell levels left.
You didn't know any spells.
Your spell library contained the following spells:

 Spells                   Type           Power        Failure   Level  Hunger
 Freeze                   Ice            #...         65%         1    ##.....
 Shock                    Conj/Air       #...         65%         1    ##.....
 Swiftness                Chrm/Air       #.......     78%         2    ###....
 Frozen Ramparts          Ice            #.....       95%         3    ####...
 Ozocubu's Armour         Chrm/Ice       #.......     95%         3    ####...
 Static Discharge         Conj/Air       #.......     95%         3    ####...
 Airstrike                Air            #.........   100%        4    #####..
 Hailstorm                Conj/Ice       #.......     100%        4    #####..
 Summon Ice Beast         Ice/Summ       #.......     100%        4    #####..
 Lightning Bolt           Conj/Air       #.........   100%        5    ######.


Dungeon Overview and Level Annotations

Branches:
Dungeon (9/15)             Temple (1/1) D:5            Lair (0/6) D:9
    Orc (2/2) D:9           Sewer (visited)         Ossuary (visited)
    Elf: Orc:2

Altars:
Ashenzari
Cheibriados
Dithmenos
Elyvilon
Fedhas
Gozag
Hepliaklqana
Kikubaaqudgha
Makhleb
Nemelex Xobeh
Okawaru
Qazlal
Ru
Sif Muna
Trog
Uskayaw
Vehumet
Wu Jian
Xom
Yredelemnul
Zin
The Shining One
Beogh

Shops:
D:6 }   D:8 (


Innate Abilities, Weirdness & Mutations

You are resistant to damage.
You can heal yourself by infusing magical energy.
You passively map the area around you.
You do not regenerate.


Message History

You hit the orc knight but do no damage.
The orc knight is severely wounded.
The orc knight hits you with a +3 war axe of freezing!
The orc knight freezes you.
You slice the orc knight!! You burn the orc knight!
You kill the orc knight!
Makhleb accepts your kill.
You feel better.
The orc knight shoots a bolt.
The bolt hits you!
The orc knight unwields a +0 arbalest.
The orc knight wields a +2 great mace.
The orc knight closely misses you.
Found 6 gold pieces.
There is an open door, spattered with blood here.
Items here: ))))) [[ † You closely miss the orc knight.
You closely miss the orc knight.
The orc knight hits you with a +2 great mace!!
* * * LOW HITPOINT WARNING * * *
You hit the orc knight but do no damage.
The orc knight hits you with a +2 great mace!!!
You die...

..###..).....########'###.#
...####......# #..)).#,
....######....# #.._..+
......#.#####.# #.....# *
.........## .#######'###
..........## ##......#,
........#..# #'######
#.........## #(#
.........## *#@# ,
#..#.....# #..o.$# ≈
####.....# #.....# ≈≈ *
#.....## #.....# ##...##
##...## *≈ ##### #.$$# *
##.## ** #.# * ** ≈


You could see an orc knight (strong).

Vanquished Creatures
  Fannar (Orc:1)
  A two-headed ogre (Orc:2)
  Nergalle (Orc:1)
  2 orc knights
  2 orc sorcerers
  3 trolls
  Grinder (D:6)
  Prince Ribbit (D:5)
  Sigmund (D:2)
  A wraith (Ossuary)
  A steam dragon (D:9)
  2 wargs
  Duvessa (D:6)
  A water moccasin (D:9)
  A hornet zombie (D:7)
  3 sky beasts
  2 ice beasts
  10 ogres
  22 orc warriors
  4 centaurs
  4 phantoms (D:9)
  A crocodile (Sewer)
  4 bullfrogs
  A water moccasin zombie (D:7)
  Dowan (D:6)
  A troll zombie (D:9)
  9 killer bees (D:7)
  2 vampire bats (D:7)
  8 wights (D:8)
  3 electric eels (D:9)
  2 howler monkeys
  2 crimson imps
  A bullfrog zombie (D:4)
  2 quasits (D:8)
  9 hounds
  2 jellies (D:6)
  A centaur zombie (D:9)
  A bullfrog skeleton (D:7)
  13 orc priests
  Crazy Yiuf (D:3)
  23 orc wizards
  Jessica (D:3)
  A centaur skeleton (D:9)
  4 iguanas
  Ijyb (D:3)
  Natasha (thrice) (D:2)
  7 worker ants
  A killer bee zombie (D:7)
  7 ogre zombies (D:9)
  A hound zombie (D:9)
  2 hound skeletons
  3 mummies (Ossuary)
  A worker ant zombie (D:9)
  A river rat (D:3)
  5 adders
  An ooze (D:4)
  2 adder zombies
  4 adder skeletons
  A worm (D:3)
  2 dart slugs
  6 leopard geckos
  96 orcs
  3 ball pythons
  2 bat skeletons (D:7)
  4 bat zombies (D:7)
  8 giant cockroaches
  15 goblins
  16 hobgoblins
  4 jackals
  10 kobolds
  7 quokkas
  8 bats
  3 frilled lizards
  2 goblin skeletons (D:9)
  5 goblin zombies
  7 hobgoblin zombies
  A leopard gecko skeleton (D:6)
  A leopard gecko zombie (D:7)
  2 orc skeletons (D:9)
  17 orc zombies (D:9)
  10 rats
  A fungus (D:5)
  A plant (D:5)
429 creatures vanquished.

Vanquished Creatures (collateral kills)
  An orc warlord (D:9)
  An orc sorcerer (D:9)
  2 orc warriors (Orc:1)
4 creatures vanquished.

Grand Total: 433 creatures vanquished

Notes
Turn   | Place    | Note
-------+----------+-------------------------------------------
     0 | D:1      | Camoybot the Deep Dwarf Fighter began the quest for the
                  | Orb.
     0 | D:1      | Reached XP level 1. HP: 20/20 MP: 1/1
   140 | D:1      | Reached XP level 2. HP: 22/27 MP: 2/2
   588 | D:1      | Reached XP level 3. HP: 17/33 MP: 3/3
   606 | D:1      | Reached skill level 3 in Axes
  1251 | D:2      | Noticed Sigmund
  1260 | D:2      | Noticed Natasha
  1266 | D:2      | Killed Sigmund
  1266 | D:2      | Reached skill level 4 in Axes
  1266 | D:2      | Reached skill level 1 in Dodging
  1266 | D:2      | Reached XP level 4. HP: 14/42 MP: 4/4
  1266 | D:2      | Reached XP level 5. HP: 16/49 MP: 5/5
  1275 | D:2      | Killed Natasha
  1460 | D:2      | Noticed Natasha
  1473 | D:2      | Killed Natasha
  1537 | D:2      | Noticed Natasha
  1550 | D:2      | Killed Natasha
  1550 | D:2      | Reached XP level 6. HP: 14/56 MP: 6/6
  1651 | D:3      | Found a sparkling altar of Nemelex Xobeh.
  1716 | D:3      | Noticed Ijyb
  1717 | D:3      | Paralysed by Ijyb for 5 turns
  1734 | D:3      | Paralysed by Ijyb for 3 turns
  1752 | D:3      | Killed Ijyb
  1890 | D:3      | Reached skill level 5 in Axes
  2045 | D:3      | Noticed Jessica
  2051 | D:3      | Killed Jessica
  2128 | D:3      | Found a glowing drain.
  2132 | Sewer    | Entered a sewer
  2219 | Sewer    | Got a warped scale mail
  2221 | Sewer    | Identified the +5 scale mail of the Big Bang {rElec rN+
                  | Str+2} (You found it in a sewer)
  2336 | D:3      | Found a shattered altar of Ashenzari.
  2610 | D:3      | Found a runed translucent door.
  2611 | D:3      | Noticed Crazy Yiuf
  2618 | D:3      | Killed Crazy Yiuf
  2618 | D:3      | Reached XP level 7. HP: 30/62 MP: 7/7
  2840 | D:4      | Found a shimmering blue altar of Sif Muna.
  2983 | D:4      | Reached skill level 6 in Axes
  3345 | D:4      | Reached skill level 5 in Shields
  3661 | D:5      | Entered Level 5 of the Dungeon
  3699 | D:5      | Noticed Prince Ribbit
  3704 | D:5      | Killed Prince Ribbit
  3704 | D:5      | Reached skill level 7 in Axes
  3888 | D:5      | Found a staircase to the Ecumenical Temple.
  3922 | D:5      | Found a shadowy altar of Dithmenos.
  3940 | D:5      | Reached XP level 8. HP: 54/72 MP: 8/8
  3962 | Temple   | Entered the Ecumenical Temple
  4083 | Temple   | Became a worshipper of Makhleb the Destroyer
  4119 | D:5      | Got a warped dagger
  4272 | D:5      | Reached skill level 5 in Armour
  4369 | D:5      | Found a sacrificial altar of Ru.
  4423 | D:5      | You fall into a shaft and drop 2 floors!
  4891 | D:6      | Found Asoaw's Gadget Emporium.
  4928 | D:6      | Found a white marble altar of Elyvilon.
  5014 | D:6      | Noticed Duvessa
  5014 | D:6      | Noticed Dowan
  5030 | D:6      | Killed Duvessa
  5030 | D:6      | Reached skill level 8 in Axes
  5040 | D:6      | Killed Dowan
  5414 | D:6      | Noticed Grinder
  5436 | D:6      | Killed Grinder
  5587 | D:7      | Reached skill level 9 in Axes
  5587 | D:7      | Gained mutation: You passively map the area around you.
                  | [Deep Dwarf growth]
  5587 | D:7      | Reached XP level 9. HP: 41/80 MP: 9/9
  5610 | D:7      | Reached * piety under Makhleb
  5623 | D:7      | Found an ancient bone altar of Kikubaaqudgha.
  5687 | D:7      | Reached skill level 5 in Fighting
  5816 | D:7      | Found a bloodstained altar of Trog.
  6159 | D:7      | Reached ** piety under Makhleb
  6253 | D:7      | Found an iron altar of Okawaru.
  6329 | D:8      | Reached skill level 10 in Axes
  6365 | D:8      | Found a sand-covered staircase.
  6370 | Ossuary  | Entered an ossuary
  6886 | D:8      | Reached *** piety under Makhleb
  7049 | D:8      | Reached XP level 10. HP: 91/91 MP: 10/10
  7119 | D:8      | Found Suod's Weapon Shoppe.
  7143 | D:8      | Found a radiant altar of Vehumet.
  7146 | D:8      | Found a basalt altar of Yredelemnul.
  7149 | D:8      | Found an ornate altar of the Wu Jian Council.
  7150 | D:8      | Found a stormy altar of Qazlal.
  7761 | D:9      | Found a staircase to the Lair.
  7930 | D:9      | Reached skill level 11 in Axes
  7994 | D:9      | Reached **** piety under Makhleb
  8021 | D:9      | Found a staircase to the Orcish Mines.
  8132 | D:9      | Reached ***** piety under Makhleb
  8463 | Orc:1    | Entered Level 1 of the Orcish Mines
  8484 | Orc:1    | Noticed an orc warlord
  8492 | Orc:1    | Noticed an orc sorcerer
  8642 | Orc:1    | Reached skill level 5 in Dodging
  8670 | D:9      | Killed an orc sorcerer
  8678 | D:9      | Killed an orc warlord
  8678 | D:9      | Reached skill level 12 in Axes
  8678 | D:9      | Reached skill level 1 in Invocations
  8678 | D:9      | Reached XP level 11. HP: 83/102 MP: 10/12
  8890 | Orc:1    | Found a roughly hewn altar of Beogh.
  8950 | Orc:1    | Noticed an orc knight
  8956 | Orc:1    | Noticed an orc sorcerer
  8961 | Orc:1    | Noticed Fannar
  8983 | Orc:1    | Noticed a soul eater
  9003 | Orc:1    | Killed an orc knight
  9032 | Orc:1    | Noticed a sun demon
  9091 | Orc:1    | Noticed a sun demon
  9573 | Orc:1    | Killed an orc sorcerer
  9596 | Orc:1    | Killed Fannar
  9913 | Orc:2    | Entered Level 2 of the Orcish Mines
 10189 | Orc:1    | Noticed Nergalle
 10190 | Orc:1    | Reached ****** piety under Makhleb
 10201 | Orc:1    | Killed Nergalle
 10201 | Orc:1    | Reached skill level 13 in Axes
 10332 | Orc:2    | Found a roughly hewn altar of Beogh.
 10350 | Orc:2    | Noticed an orc knight
 10350 | Orc:2    | Noticed a two-headed ogre
 10350 | Orc:2    | Noticed an orc knight
 10350 | Orc:2    | Noticed an orc sorcerer
 10355 | Orc:2    | Killed a two-headed ogre
 10361 | Orc:2    | Killed an orc sorcerer
 10372 | Orc:2    | Killed an orc knight
 10376 | Orc:2    | Demolished by an orc knight

Illustrated notes

Levels and vault maps discovered:
D:1:      scummos_arrival_hexagon, layout_basic
D:2:      layout_loops_cross, skrybe_limestone_x, uniq_natasha, uniq_sigmund
D:3:      layout_basic, old_standard_altar, nemelex_xobeh_ov_fountains_minmay,
          first_ration, gup_sewer_entry_bowl, uniq_crazy_yiuf_cottage,
          uniq_ijyb, uniq_jessica
D:4:      cheibrodos_greedy_goblins, layout_loops_corners, lemuel_doored_altar,
          minmay_unequal
D:5:      cheibrodos_iron_armory, layout_cave_pods, old_standard_altar,
          nicolae_ru_the_path_less_chosen, minmay_temple_entry_trees,
          uniq_prince_ribbit1
D:6:      layout_loops_ring, elyvilon_altar_3, serial_shops, shop, uniq_grinder,
          uniq_duvessa
D:7:      layout_rooms, bloody_trog, kennysheep_vampire_church,
          old_standard_altar
D:8:      layout_basic, grunt_temple_overflow_open, nicolae_ossuary_entry_plus,
          serial_shops, shop
D:9:      layout_roguey, erik_lair_island, zombieorc2_lemuel
Temple:   nicolae_temple_figure_zero
Orc:1:    layout_caves, basic_altar, uniq_fannar, uniq_nergalle
Orc:2:    pubby_orc_utopia

Skill      XL: |  1  2  3  4  5  6  7  8  9 10 11 |
---------------+----------------------------------+-----
Axes           | 4 5 7 9 10 12 13 | 13.6
Fighting       | 3 4 6 7 9 |  9.1
Armour         | 4 6 7 |  7.8
Dodging        | 1 2 3 4 5 |  5.7
Shields        | 4 5 6 7 8 9 |  9.0
Invocations    | 1 |  1.7
Stealth        | |  0.7

Action                   |  1- 3 |  4- 6 |  7- 9 | 10-12 || total
-------------------------+-------+-------+-------+-------++-------
Melee: War axe           |   107 |   161 |   641 |   503 ||  1412
       Battleaxe         |       |       |       |   167 ||   167
Throw: Dart              |       |     1 |       |     1 ||     2
Invok: Lesser Servant of |       |       |       |     7 ||     7
 Abil: Heal Wounds       |     1 |     3 |     6 |    22 ||    32
  Use: Scroll            |     1 |     1 |     6 |     7 ||    15
 Stab: Distracted        |       |       |       |     1 ||     1
  Eat: Chunk             |     1 |     5 |     9 |     6 ||    21
       Ration            |       |       |     2 |     2 ||     4
Armor: Scale mail        |    45 |    80 |   262 |   287 ||   674
Dodge: Dodged            |    36 |    72 |   223 |   337 ||   668
Block: Kite shield       |    45 |    99 |   361 |   346 ||   851
